 Dungeon Crawl Stone Soup version 0.28-a0-245-g639a1a48b9 (webtiles) character file.

Game seed: 12136161914296909939

266 siradein the Slasher (level 6, -7/55 HPs)
             Began as a Deep Dwarf Fighter on Aug 25, 2021.
             Mangled by an ogre (14 damage)
             ... on level 4 of the Dungeon.
             The game lasted 00:06:36 (1883 turns).

siradein the Slasher (Deep Dwarf Fighter)           Turns: 1883, Time: 00:06:38

Health: -7/55      AC:  9    Str: 22    XL:     6   Next: 0%
Magic:  5/5        EV:  7    Int:  8    God:
Gold:   42         SH:  8    Dex: 12    Spells: 5/5 levels left

rFire   . . .      SeeInvis .   a - +0 long sword
rCold   . . .      Faith    .   c - +0 kite shield
rNeg    + . .      Spirit   .   b - +0 scale mail
rPois   .          Reflect  .   (no helmet)
rElec   .          Harm     .   g - +0 cloak
rCorr   .          Rampage  .   o - +0 pair of gloves
Will    .....                   (no boots)
Stlth   ..........              (no amulet)
HPRegen 0.00/turn               r - ring of positive energy
MPRegen 0.09/turn               (no ring)

@: no status effects
A: damage resistance, heal wounds, sense surroundings 1, no regeneration
a: Heal Wounds


You were on level 4 of the Dungeon.
You visited 1 branch of the dungeon, and saw 4 of its levels.

You collected 102 gold pieces.
You spent 60 gold pieces at shops.

Inventory:

Hand Weapons
 a - a +0 long sword (weapon)
Missiles
 u - 16 poisoned darts (quivered)
Armour
 b - a +0 scale mail (worn)
 c - a +0 kite shield (worn)
 g - a +0 cloak (worn)
 o - a +0 pair of gloves (worn)
Jewellery
 r - a ring of positive energy (left hand)
Scrolls
 f - a scroll of enchant weapon {unknown}
 i - 3 scrolls of teleportation {unknown}
 l - a scroll of fog {unknown}
 n - a scroll of amnesia {unknown}
 q - a scroll of torment {unknown}
 s - 4 scrolls of identify {unknown}
Potions
 d - a potion of might
 e - a potion of lignification {unknown}
 h - a potion of flight {unknown}
 j - a potion of attraction {unknown}
 k - a potion of brilliance {unknown}
 m - a potion of cancellation {unknown}
 p - a potion of heal wounds
 t - a potion of mutation {unknown}


   Skills:
 - Level 2.6 Fighting
 + Level 6.3 Long Blades
 - Level 3.2 Armour
 - Level 3.2 Shields


You had 5 spell levels left.
You didn't know any spells.
Your spell library contained the following spells:

 Spells                   Type           Power      Damage    Failure   Level
 Blade Hands              Tmut           0%         N/A       100%        5
 Irradiate                Conj/Tmut      0%         3d13      100%        5
 Dragon Form              Tmut           0%         N/A       100%        7
 Borgnjor's Revivificati  Necr           0%         N/A       100%        8
 Necromutation            Tmut/Necr      0%         N/A       100%        8
 Death's Door             Necr           0%         N/A       100%        9


Dungeon Overview and Level Annotations

Branches:
Dungeon (4/15)
 Temple: D:4-7

Altars:

Shops:
D:1 =   D:2 !   D:3 =


Innate Abilities, Weirdness & Mutations

You are resistant to damage.
You can heal yourself by infusing magical energy.
You passively map a small area around you.
You do not regenerate.


Message History

The phantom hits you but does no damage.
The giant cockroach bites you but does no damage.
You slash the phantom!
The phantom is severely damaged.
The giant cockroach bites you but does no damage.
The phantom hits you but does no damage.
You block the giant cockroach's attack. The phantom hits you.
The phantom blinks!
You blink.
Found 13 gold pieces and 18 stones.
You hit the phantom.
The phantom is almost destroyed.
The phantom closely misses you.
You hit the phantom but do no damage.
The phantom is almost destroyed.
The phantom hits you but does no damage.
You closely miss the phantom.
The phantom is almost destroyed.
The phantom closely misses you.
You riposte.
You closely miss the phantom.
The phantom is almost destroyed.
You block the phantom's attack.
You slash the phantom!
You destroy the phantom!
Your Long Blades skill increases to level 6!
You slash the giant cockroach!
You kill the giant cockroach!
You have reached level 6!
Your experience leads to an increase in your attributes!
Increase (S)trength, (I)ntelligence, or (D)exterity?
You feel stronger.
You hit the ogre but do no damage.
The ogre is lightly wounded.
The ogre hits you with a +0 giant club!!
* * * LOW HITPOINT WARNING * * *
The endoplasm hits you but does no damage.
You slash the ogre!
The ogre is heavily wounded.
The ogre hits you with a +0 giant club!
* * * LOW HITPOINT WARNING * * *
The endoplasm freezes you.
You are frozen.
The ogre hits you with a +0 giant club!
You die...

, #.# ..#* ,
#.. #... ,
,# ..# #...,
* , ,
..###..*
#(.. *
.......##.$#
* *#..., ,
..........#
#...
...........#
... *
.......@.#
..
**#......OJ#
. ##.......#
#.......###
#
##........#*
# #..=......
# ##........
, .#
##.........
..###
##..........


You could see an ogre and an endoplasm.

Vanquished Creatures
  A phantom (D:4)
  A howler monkey (D:4)
  An orc wizard (D:3)
  5 adders
  A worm (D:3)
  5 dart slugs
  4 orcs (D:3)
  6 endoplasms
  5 giant cockroaches
  4 goblins
  7 hobgoblins
  6 quokkas
  6 ball pythons
  6 bats
  4 frilled lizards
  4 kobolds
  3 rats
69 creatures vanquished.

Notes
Turn   | Place    | Note
-------+----------+-------------------------------------------
     0 | D:1      | siradein the Deep Dwarf Fighter began the quest for the
                  | Orb.
     0 | D:1      | Reached XP level 1. HP: 20/20 MP: 1/1
    63 | D:1      | Reached XP level 2. HP: 21/27 MP: 2/2
   158 | D:1      | Reached skill level 3 in Long Blades
   336 | D:1      | Found Zoyneuj's Jewellery Emporium.
   648 | D:2      | Reached XP level 3. HP: 21/33 MP: 3/3
   718 | D:2      | Reached skill level 4 in Long Blades
   750 | D:2      | Found Vefozxebb's Distillery.
   757 | D:2      | Bought a potion of heal wounds for 60 gold pieces
   861 | D:2      | Reached XP level 4. HP: 23/40 MP: 4/4
  1120 | D:3      | Found a faded altar of an unknown god.
  1263 | D:3      | Reached skill level 5 in Long Blades
  1457 | D:3      | Reached XP level 5. HP: 46/46 MP: 4/4
  1561 | D:3      | Found Karrej's Jewellery Shoppe.
  1853 | D:4      | Noticed a phantom
  1863 | D:4      | Noticed an ogre
  1880 | D:4      | Killed a phantom
  1881 | D:4      | Reached skill level 6 in Long Blades
  1882 | D:4      | Reached XP level 6. HP: 40/55 MP: 5/5
  1883 | D:4      | Mangled by an ogre

Illustrated notes

Levels and vault maps discovered:
D:1:      scummos_arrival_star, layout_rooms, serial_shops, shop, st_stairs_7
D:2:      layout_basic, serial_shops, shop, minmay_pentomino_x4
D:3:      layout_loops_ring, serial_shops, shop, basic_ecumenical_altar
D:4:      layout_layer_cave

Skill      XL: |  1  2  3  4  5 |
---------------+----------------+-----
Long Blades    | 3 4 5 6 |  6.3
Fighting       | |  2.6
Armour         | |  3.2
Shields        | |  3.2

Action                   |  1- 3 |  4- 6 || total
-------------------------+-------+-------++-------
Melee: Long sword        |   115 |   124 ||   239
 Abil: Heal Wounds       |       |     3 ||     3
Armor: Scale mail        |    82 |    59 ||   141
Dodge: Dodged            |    35 |    29 ||    64
Block: Kite shield       |    59 |    60 ||   119
       Rpst.: Long sword |     9 |     7 ||    16

Table legend: (Time is in decaauts)
 A = Elapsed time spent in this place.
 B = Non-inter-level travel time spent in this place.
 C = Inter-level travel time spent in this place.
 D = Time resting spent in this place.
 E = Time spent auto-exploring this place.
 F = Levels seen in this place.
 G = Mean time per level.
                   A        B        C        D        E       F      G
               +--------+--------+--------+--------+--------+-----+--------+
         Total |   1982 |   1894 |     88 |      3 |   1233 |   4 |  495.5 |
       Dungeon |   1982 |   1894 |     88 |      3 |   1233 |   4 |  495.5 |
               +--------+--------+--------+--------+--------+-----+--------+

Top non-repeatable levels by time:
     D:3: 732 daAuts
     D:1: 592 daAuts
     D:2: 589 daAuts
     D:4: 69 daAuts
